 Dungeon Crawl Stone Soup version 0.20-a0-1006-ge6c5631 (webtiles) character file.

6615 Ordine the Thaumaturge (level 10, -9/79 HPs)
             Began as a Deep Elf Wizard on Apr 14, 2017.
             Was a Follower of Vehumet.
             Mangled by a two-headed ogre
             ... wielding a +0 dire flail
              (17 damage)
             ... on level 8 of the Dungeon.
             The game lasted 00:40:59 (13100 turns).

Ordine the Thaumaturge (Deep Elf Wizard)           Turns: 13100, Time: 00:41:00

Health: -9/79      AC: 25    Str:  9    XL:     10   Next: 72%
Magic:  4/27       EV:  2    Int: 31    God:    Vehumet [*.....]
Gold:   425        SH:  6    Dex: 13    Spells: 23/32 levels left

rFire    . . .     SeeInvis .   u - +1 hand axe "Olicexuw" {freeze, rN+ Int+4} (curse)
rCold    . . .     Gourm    .   b - +1 buckler {reflect}
rNeg     + + +     Faith    .   (armour currently unavailable)
rPois    +         Spirit   .   (helmet currently unavailable)
rElec    .         Reflect  +   (cloak currently unavailable)
rCorr    +         Harm     .   (gloves currently unavailable)
MR       +....     NoTele   +   (boots currently unavailable)
Stlth    ++........             E - amulet of regeneration
Regen    0.7/turn               m - ring of resist corrosion
MPRegen  0.2/turn               K - ring of wizardry

@: mighty, tree-form
A: no striking features
a: Renounce Religion


You were on level 8 of the Dungeon.
You worshipped Vehumet.
Vehumet was aware of your devotion.
You were very hungry.
You were a tree.
You visited 2 branches of the dungeon, and saw 10 of its levels.

You collected 425 gold pieces.

Inventory:

Hand Weapons
 e - a +1 short sword
 u - the cursed +1 hand axe "Olicexuw" (weapon) {freeze, rN+ Int+4}
   (You found it on level 6 of the Dungeon)

   It has been specially enchanted to freeze those struck by it, causing extra
   injury to most foes and up to half again as much damage against particularly
   susceptible opponents.
   It can also slow down cold-blooded creatures.
   It affects your intelligence (+4).
   It protects you from negative energy.
   It has a curse placed upon it.
 I - a +4 short sword
Armour
 a - a +0 robe (melded)
 b - a +1 buckler of reflection (worn)
 i - a +2 hat (melded)
 C - a +0 cloak (melded)
Jewellery
 l - an uncursed ring of fire
 m - a ring of resist corrosion (left branch)
 q - an uncursed ring of stealth
 v - an uncursed ring of ice
 E - an amulet of regeneration (around neck)
 K - a ring of wizardry (right branch)
Wands
 w - a wand of iceblast (7/15)
 y - a wand of flame (24/48)
 z - a wand of paralysis (8/24)
Scrolls
 k - 4 scrolls of teleportation
 o - a scroll of fear
 t - 2 scrolls of remove curse
 x - 2 scrolls of amnesia
 B - a scroll of magic mapping
 F - a scroll of blinking
 J - a scroll of immolation
Potions
 h - 3 potions of magic
 p - a potion of haste
 r - a potion of might
 s - a potion of berserk rage {unknown}
 A - 2 potions of brilliance {unknown}
Books
 c - a book of Minor Magic

   Spells                             Type                      Level
   a - Magic Dart                     Conjuration                  1
   b - Blink                          Translocation                2
   c - Call Imp                       Summoning                    2
   d - Slow                           Hexes                        2
   e - Conjure Flame                  Conjuration/Fire             3
   f - Mephitic Cloud                 Conjuration/Poison/Air       3
 D - a book of Cantrips

   Spells                             Type                      Level
   a - Confusing Touch                Hexes                        1
   b - Animate Skeleton               Necromancy                   1
   c - Summon Small Mammal            Summoning                    1
   d - Apportation                    Translocation                1
 H - a book of Debilitation

   Spells                             Type                      Level
   a - Corona                         Hexes                        1
   b - Slow                           Hexes                        2
   c - Inner Flame                    Hexes/Fire                   3
   d - Portal Projectile              Hexes/Translocation          3
   e - Cause Fear                     Hexes                        4
   f - Leda's Liquefaction            Hexes/Earth                  4
Comestibles
 d - a bread ration
 g - 3 royal jellies
 j - 4 meat rations


   Skills:
 + Level 1.7 Fighting
 + Level 5.1 Short Blades
 + Level 1.6 Armour
 + Level 3.6 Dodging
 - Level 2.4 Stealth
 - Level 4.0 Shields
 * Level 11.8 Spellcasting
 + Level 7.1 Conjurations
   Level 1.1 Summonings
 - Level 3.1 Translocations
 + Level 6.3 Fire Magic
 + Level 6.1 Air Magic


You had 23 spell levels left.
You knew the following spells:

 Your Spells              Type           Power        Failure   Level  Hunger
a - Magic Dart            Conj           ####         1%          1    None
b - Blink                 Tloc           N/A          1%          2    None
c - Conjure Flame         Conj/Fire      ######..     1%          3    None
d - Mephitic Cloud        Conj/Pois/Air  #####...     1%          3    None


Dungeon Overview and Level Annotations

Branches:
Dungeon (9/15)             Temple (1/1) D:6
   Lair: D:8-11         Orc: D:9-12

Altars:
Ashenzari
Cheibriados
Elyvilon
Fedhas
Gozag
Hepliaklqana
Kikubaaqudgha
Makhleb
Nemelex Xobeh
Okawaru
Qazlal
Ru
Sif Muna
Trog
Uskayaw
Vehumet
Xom
Yredelemnul
Zin
The Shining One


Message History

You cannot teleport because you are held in place by your roots.
Okay, then.
It was a potion of might.
You feel very mighty all of a sudden.
The two-headed ogre is engulfed in blazing flames.
The two-headed ogre hits you with a dire flail.
* * * LOW HITPOINT WARNING * * *
The two-headed ogre hits you but does no damage.
Unknown command.
Unknown command.
Casting: Blink
Confirm with . or Enter, or press ? or * to list all spells.
Aiming: Magic Dart
Press: ? - help, Shift-Dir - straight line, f - two-headed ogre
Aim: a two-headed ogre, wielding a dire flail and a giant spiked club (heavily wounded)
The magic dart hits the two-headed ogre.
The two-headed ogre is heavily wounded.
You block the two-headed ogre's attack.
The two-headed ogre hits you with a giant spiked club!
You die...

...'...# #...# #.########
...###.##########...####.#.......
..['..[.<.[..[..'...+............
...####.######.##...#....########
...##..........>'...'............
#####.#..#####.##...#....#......#
#.##.# #.##...#....#.......
#####.##.## #.#<####....#.......
...##.##..# #.#♣# #......####...
...##.###'####.#O# #......# #...
...##.##.....#.#§###..⌠.⌠.# #...
...##'##.....#.#))....._..# #...
...#p..#.....#)##....#⌠.⌠.# ##..
####...#....p...[....+....# #..
####...#....w...#....###w## #..
#...............#....# #.# #..
#.#......[......#....# #.######..


You could see a two-headed ogre.

Vanquished Creatures
  Gastronok (D:8)
  2 two-headed ogres (D:8)
  Pikel (D:8)
  Maurice (D:8)
  Menkaure (D:7)
  A slave (D:8)
  An orc warrior (D:6)
  3 ice beasts
  A sky beast (D:7)
  A phantom (D:3)
  An ogre (D:6)
  2 centaurs
  2 bullfrogs
  A water moccasin zombie (D:6)
  4 scorpions
  4 wights (D:8)
  5 crimson imps
  A bullfrog zombie (D:6)
  A quasit (D:8)
  A centaur zombie (D:5)
  2 jellies
  A bullfrog skeleton (D:5)
  An iron imp (D:5)
  6 orc priests
  Crazy Yiuf (D:7)
  4 hounds
  An iguana (D:4)
  7 orc wizards
  7 worker ants
  A killer bee zombie (D:6)
  2 hound skeletons
  A howler monkey zombie (D:8)
  A howler monkey skeleton (D:6)
  10 adders
  12 gnolls
  A shadow imp (D:6)
  3 oozes
  3 adder skeletons
  2 worms (D:3)
  A dart slug (D:2)
  4 leopard geckos
  38 orcs
  2 ball pythons
  7 giant cockroaches
  4 goblins
  5 hobgoblins
  7 jackals
  8 kobolds
  3 quokkas
  11 bats
  6 frilled lizards
  A jackal skeleton (D:6)
  A leopard gecko skeleton (D:4)
  5 rats
204 creatures vanquished.

Vanquished Creatures (others)
  3 slaves (D:8)
  2 orcs (D:8)
5 creatures vanquished.

Grand Total: 209 creatures vanquished

Notes
Turn   | Place    | Note
-------+----------+-------------------------------------------
     0 | D:1      | Ordine the Deep Elf Wizard began the quest for the Orb.
     0 | D:1      | Reached XP level 1. HP: 10/10 MP: 7/7
   103 | D:1      | Reached skill level 5 in Spellcasting
   103 | D:1      | Reached XP level 2. HP: 15/15 MP: 0/10
   182 | D:1      | Learned a level 2 spell: Blink
   854 | D:2      | Reached XP level 3. HP: 17/19 MP: 7/11
  1095 | D:2      | Learned a level 3 spell: Conjure Flame
  1099 | D:2      | Learned a level 3 spell: Mephitic Cloud
  2001 | D:3      | Noticed a phantom
  2025 | D:3      | Reached XP level 4. HP: 24/24 MP: 2/13
  2593 | D:3      | Found a shimmering altar of Xom.
  2952 | D:3      | Reached skill level 1 in Fire Magic
  3212 | D:3      | Reached skill level 1 in Air Magic
  3641 | D:3      | Killed a phantom
  3641 | D:3      | Reached XP level 5. HP: 10/28 MP: 0/15
  3763 | D:3      | Reached skill level 6 in Spellcasting
  4026 | D:4      | Reached XP level 6. HP: 8/32 MP: 0/17
  4466 | D:4      | Reached skill level 1 in Shields
  4722 | D:4      | Found a stormy altar of Qazlal.
  4942 | D:5      | Entered Level 5 of the Dungeon
  4961 | D:5      | Noticed an ice beast
  4976 | D:5      | Killed an ice beast
  4976 | D:5      | Reached XP level 7. HP: 36/36 MP: 2/19
  5295 | D:5      | Reached skill level 7 in Spellcasting
  5333 | D:5      | Found a snail-covered altar of Cheibriados.
  5620 | D:5      | Found a hide-covered altar of Uskayaw.
  5646 | D:5      | Reached skill level 1 in Short Blades
  6889 | D:6      | Reached XP level 8. HP: 34/41 MP: 12/21
  7030 | D:6      | Got a bloodstained hand axe
  7125 | D:6      | Found a staircase to the Ecumenical Temple.
  7136 | Temple   | Entered the Ecumenical Temple
  7421 | D:6      | Identified the cursed +1 hand axe "Olicexuw" {freeze, rN+ Int+4} (You found it on level 6 of the Dungeon)
  7803 | D:6      | Reached skill level 8 in Spellcasting
  8011 | D:6      | Found an ancient bone altar of Kikubaaqudgha.
  8021 | D:6      | Found a shattered altar of Ashenzari.
  8028 | D:6      | Found a deep blue altar of Sif Muna.
  8035 | D:6      | Found a glowing silver altar of Zin.
  8042 | D:6      | Found a bloodstained altar of Trog.
  8047 | D:6      | Found a burning altar of Makhleb.
  8058 | D:6      | Found a glowing golden altar of the Shining One.
  9111 | D:7      | Reached skill level 5 in Conjurations
  9433 | D:7      | Noticed Menkaure
  9448 | D:7      | Killed Menkaure
  9448 | D:7      | Reached skill level 9 in Spellcasting
  9729 | D:7      | Found a runed door.
 10060 | D:7      | Noticed Crazy Yiuf
 10067 | D:7      | Killed Crazy Yiuf
 10222 | D:8      | Noticed Maurice
 10224 | D:8      | Reached XP level 9. HP: 45/45 MP: 16/24
 10367 | D:8      | Found a radiant altar of Vehumet.
 10380 | D:8      | Killed Maurice
 10400 | D:8      | Became a worshipper of Vehumet
 10502 | D:8      | Found a sparkling altar of Nemelex Xobeh.
 10997 | D:8      | Reached skill level 10 in Spellcasting
 11218 | D:8      | Noticed Gastronok
 11218 | D:8      | Noticed a two-headed ogre
 11253 | D:8      | Killed a two-headed ogre
 11253 | D:8      | Reached skill level 5 in Fire Magic
 11253 | D:8      | Reached skill level 5 in Air Magic
 11746 | D:8      | Reached * piety under Vehumet
 11746 | D:8      | Offered knowledge of Freeze by Vehumet.
 12321 | D:8      | Noticed Pikel
 12337 | D:8      | Killed Pikel
 12337 | D:8      | Reached skill level 11 in Spellcasting
 12337 | D:8      | Reached XP level 10. HP: 50/50 MP: 10/27
 12515 | D:8      | Noticed a two-headed ogre
 12699 | D:8      | Noticed a two-headed ogre
 12719 | D:8      | HP: 2/50 [two-headed ogre/giant club (15)]
 12833 | D:8      | Killed a two-headed ogre
 13090 | D:8      | Killed Gastronok
 13090 | D:8      | Reached skill level 1 in Fighting
 13090 | D:8      | Reached skill level 5 in Short Blades
 13090 | D:8      | Reached skill level 1 in Armour
 13100 | D:8      | Mangled by a two-headed ogre

Vault maps used:
D:1:      saegor_arrival_simple_d
D:2:      first_bread, grunt_ministairs_4, kennysheep_pointless_box
D:3:      xom_teletrap_fun
D:4:      nicolae_qazlal_general_emergency
D:5:      kennysheep_mini_moat, slow_altar_1
D:6:      grunt_temple_overflow_octagram, minmay_temple_entry_crystal_x
D:7:      uniq_crazy_yiuf_cottage, uniq_menkaure
D:8:      lemuel_crystal_altar, nemelex_xobeh_ov_fountains_minmay, uniq_pikel,
          uniq_gastronok, uniq_maurice
D:9:      lemuel_crystal_altar, nicolae_overflow_hidden_temple,
          david_lair_generic
Temple:   jpeg_temple_island

Skill      XL: |  1  2  3  4  5  6  7  8  9 10 |
---------------+-------------------------------+-----
Spellcasting   | 5 6 7 9 11 | 11.8
Conjurations   | 2 3 4 5 6 7 |  7.1
Translocations | 3 |  3.1
Fire Magic     | 1 2 3 4 5 6 |  6.3
Air Magic      | 1 2 3 4 5 6 |  6.1
Shields        | 1 2 3 4 |  4.0
Short Blades   | 1 3 4 5 |  5.1
Fighting       | 1 |  1.7
Armour         | 1 |  1.6
Dodging        | 3 |  3.6
Stealth        | |  2.4
Summonings     | |  1.1

Action                   |  1- 3 |  4- 6 |  7- 9 | 10-12 || total
-------------------------+-------+-------+-------+-------++-------
Melee: Unarmed           |     7 |       |       |       ||     7
       Short sword       |     2 |    11 |       |       ||    13
       Hand axe          |       |       |    11 |     2 ||    13
 Cast: Magic Dart        |   108 |   198 |   526 |    81 ||   913
       Conjure Flame     |       |    11 |    27 |     8 ||    46
       Blink             |       |     1 |     3 |     7 ||    11
       Mephitic Cloud    |       |       |    25 |     7 ||    32
Evoke: Wand              |       |       |     4 |       ||     4
  Use: Scroll            |     9 |     4 |     8 |     1 ||    22
       Potion            |     3 |     2 |     1 |     5 ||    11
 Stab: Confused          |       |       |     1 |       ||     1
  Eat: Chunk             |     3 |     9 |    15 |       ||    27
       Bread ration      |       |       |     2 |       ||     2
Armor: Robe              |     7 |     5 |    14 |     3 ||    29
       Skin              |       |       |       |    10 ||    10
Dodge: Dodged            |    27 |    28 |    53 |    16 ||   124
Block: Buckler           |       |       |     5 |    11 ||    16
       Reflection        |       |       |     1 |       ||     1
